 Dungeon Crawl Stone Soup version 0.18.1-1-g2f07953 (webtiles) character file.

46592 Raurakos the Bludgeoner (level 14, 0/135 HPs)
             Began as a Minotaur Hunter on May 7, 2016.
             Was a High Priest of Okawaru.
             Slain by a spiny frog (16 damage)
             ... on level 8 of the Lair of Beasts.
             The game lasted 01:13:14 (18838 turns).

Raurakos the Bludgeoner (Minotaur Hunter)          Turns: 18838, Time: 01:13:15

Health: 0/135      AC: 20    Str: 16    XL:     14   Next: 5%
Magic:  17/17      EV: 10    Int:  8    God:    Okawaru [*****.]
Gold:   956        SH:  7    Dex: 17    Spells: 5 memorised, 1 level left

rFire  . . .     SeeInvis .     a - +0 morningstar
rCold  + . .     Gourm    .     w - +0 plate armour
rNeg   . . .     Faith    .     Z - +2 buckler
rPois  .         Spirit   .     h - +0 hat {rC+}
rElec  .         Dismiss  .     N - +0 cloak {+Inv}
rCorr  .         Reflect  .     R - +1 pair of gloves
SustAt .         Harm     .     i - +0 pair of boots
MR     ++...                    J - amulet of rage
Stlth  ..........               Q - +2 ring of slaying
                                y - ring of protection from magic

@: lethally poisoned (0 -> 0), very resistant to hostile enchantments, extremely
unstealthy
A: retaliatory headbutt, horns 2
a: Heroism, Finesse, Renounce Religion, Evoke Berserk Rage, Evoke Invisibility


You were on level 8 of the Lair of Beasts.
You worshipped Okawaru.
Okawaru was extremely pleased with you.
You were not hungry.

You visited 3 branches of the dungeon, and saw 20 of its levels.
You also visited: Ice Cave.

You collected 1428 gold pieces.
You spent 472 gold pieces at shops.

Inventory:

Hand Weapons
 a - a +0 morningstar (weapon)
 b - a +0 blowgun
Missiles
 d - 6 curare-tipped needles
 m - 3 steel javelins
 s - 5 needles of confusion
 B - 3 javelins of returning (quivered)
 X - 3 needles of paralysis
Armour
 h - a +0 hat of cold resistance (worn)
 i - a +0 pair of boots (worn)
 o - the +1 shield of Zeubeiz {rPois rC+ Str-5 Dex+5}
   (Okawaru gifted it to you on level 8 of the Lair of Beasts)

   It affects your strength (-5).
   It affects your dexterity (+5).
   It protects you from cold.
   It protects you from poison.
 w - a +0 plate armour (worn)
 N - a +0 cloak of invisibility (worn)
 R - a +1 pair of gloves (worn)
 Z - a +2 buckler (worn)
Jewellery
 p - an uncursed ring of ice
 q - a +3 amulet of reflection
 y - a ring of protection from magic (left hand)
 C - an uncursed ring of see invisible
 J - an amulet of rage (around neck)
 M - an uncursed ring of protection from fire
 Q - a +2 ring of slaying (right hand)
Wands
 v - a wand of lightning (7/15)
 A - a wand of heal wounds (4/9)
 H - a wand of polymorph (13/24)
 K - a wand of teleportation (5/9)
 O - a wand of digging (10/24)
 S - a wand of disintegration (12/24)
 Y - a wand of iceblast (3/15)
Scrolls
 e - 7 scrolls of remove curse
 l - 3 scrolls of magic mapping
 x - 5 scrolls of enchant armour
 F - 6 scrolls of teleportation
 G - 3 scrolls of enchant weapon
 U - 3 scrolls of recharging
 W - a scroll of fog
Potions
 g - 3 potions of flight
 j - 2 potions of might
 k - 3 potions of brilliance
 n - a potion of cancellation
 t - 8 potions of curing
 z - 3 potions of mutation
 D - 3 potions of invisibility
 I - a potion of berserk rage
 L - a potion of resistance
 P - a potion of haste
 T - a potion of heal wounds
Books
 r - a book of Enchantments

   Spells                             Type                      Level
   a - Cause Fear                     Hexes                        4
   b - Yara's Violent Unravelling     Hexes/Transmutation          5
   c - Silence                        Hexes/Air                    5
   d - Deflect Missiles               Charms/Air                   6
   e - Haste                          Charms                       6
   f - Discord                        Hexes                        8
Comestibles
 f - 10 bread rations
 u - 11 meat rations
 E - 2 chunks of flesh
 V - 22 fruits


   Skills:
 - Level 15.0 Fighting
 - Level 16.0 Maces & Flails
 - Level 4.0 Throwing
 + Level 10.4 Armour
 + Level 9.7 Dodging
 - Level 0.7 Stealth
 - Level 4.0 Shields
 - Level 6.1 Invocations
 - Level 6.1 Evocations


You had one spell level left.
You knew the following spells:

 Your Spells              Type           Power        Failure   Level  Hunger
a - Apportation           Tloc           #.........   100%        1    ##.....
b - Blink                 Tloc           N/A          100%        2    ###....
c - Portal Projectile     Tloc           #.....       100%        3    ####...
d - Passage of Golubria   Tloc           N/A          100%        4    #####..
e - Swiftness             Chrm/Air       #.......     100%        2    ###....


Dungeon Overview and Level Annotations

Branches:
Dungeon (11/15)            Temple (1/1) D:5            Lair (8/8) D:11
 Spider (0/4) Lair:3
  Swamp: Lair:3-6    Shoals: Lair:3-6     Slime: Lair:6-8       Orc: D:9-12

Altars:
Ashenzari
Cheibriados
Dithmenos
Elyvilon
Fedhas
Gozag
Kikubaaqudgha
Makhleb
Nemelex Xobeh
Okawaru
Pakellas
Qazlal
Ru
Sif Muna
Trog
Vehumet
Xom
Yredelemnul
Zin
The Shining One

Shops:
D:5 *   D:8 *(

Annotations:
Lair:8 1 runed door


Innate Abilities, Weirdness & Mutations

You reflexively headbutt those who attack you in melee.
You have a pair of horns on your head.


Message History

You feel sick.
You start resting.
You feel like a meek peon again.
You feel sick.
You start resting.
You feel sick. x14
A spiny frog comes into view.
A spiny frog is nearby!
The spiny frog croaks.
The spiny frog moves out of view.
You feel sick.
You start resting.
Something stings the plant!
You start resting.
Magic restored.
You feel sick.
A spiny frog is nearby!
You feel sick.
You puncture the spiny frog! Your headbutt misses the spiny frog.
The spiny frog is moderately wounded.
You puncture the spiny frog!
The spiny frog is severely wounded.
The spiny frog stings you!
You die...

#### #.P...##### ##..##
.....P..#. ####....# ..P...^P..##
....P..P.# ...........#
......PP.### ...........###
.####....#†### ..P..........#
##..##...†.).###$..........###.
...#####.†#....###.P........#.##
..##.####†##....@###..........PP#
.##..#..#..##....F.P.........PP.#
##..##..##..##................P.#
#...#....#...##...†....#.......##
.†.##....##...##........#........
:..#......#....###P.P............
..##......##.†..##PP............#
..#.P....P.#......P..............
P##P..P(..P##†PP.................


You could see a spiny frog.

Vanquished Creatures
  Nessos (Lair:5)
  5 hydras
  Urug (Lair:4)
  2 necromancers
  2 hill giants (D:10)
  3 lindwurms
  2 wolf spiders (Lair:8)
  2 griffons (Lair:8)
  A hornet (Lair:8)
  7 black mambas
  A centaur zombie (D:10)
  A guardian serpent (Lair:8)
  6 torpor snails (Lair:8)
  An ice statue (IceCv)
  4 rime drakes
  10 spiny frogs
  4 komodo dragons
  10 freezing wraiths (IceCv)
  A troll (D:10)
  4 giant leeches (Lair:8)
  Grinder (D:6)
  A wolf spider simulacrum (IceCv)
  7 blink frogs
  10 wyverns
  A steam dragon (D:11)
  A hungry ghost (D:10)
  42 yaks
  2 death yak simulacra (IceCv)
  8 hippogriffs
  2 wargs (D:11)
  16 water moccasins
  4 porcupines
  9 ice beasts
  2 orc warriors
  A black bear (D:7)
  2 sky beasts
  5 ogres
  A phantom (D:9)
  6 wasps (Lair:8)
  A necrophage (D:10)
  24 wolves
  3 centaurs
  5 crocodiles
  5 big kobolds
  Blork the orc (D:5)
  10 giant frogs
  8 scorpions
  13 killer bees
  2 howler monkeys
  5 crimson imps
  3 draconian simulacra (IceCv)
  A quasit (D:9)
  2 wasp zombies (D:10)
  A centaur skeleton (D:8)
  2 hounds
  2 jellies
  9 orc wizards
  A giant frog skeleton (D:10)
  Crazy Yiuf (D:6)
  10 orc priests
  7 iguanas
  2 spriggan simulacra (IceCv)
  4 polar bear simulacra
  5 troll simulacra (IceCv)
  10 worker ants
  3 wolf simulacra (Lair:3)
  2 yak simulacra (Lair:3)
  A killer bee zombie (D:9)
  11 sheep
  2 centaur simulacra (IceCv)
  8 gnolls
  22 adders
  8 naga simulacra (IceCv)
  43 river rats
  A shadow imp (D:6)
  12 white imps (IceCv)
  An ooze (D:2)
  22 worms
  2 dart slugs
  3 giant geckos
  20 orcs
  11 giant cockroaches
  4 goblins
  3 hobgoblins (D:2)
  9 jackals (D:10)
  A quokka (D:2)
  2 ball pythons
  2 bats
  2 giant gecko skeletons
  3 giant newts
  A jackal zombie (D:9)
  14 kobolds
  A quokka skeleton (D:6)
  15 rats
  3 river rat simulacra (Lair:3)
  3 plants (Lair:8)
561 creatures vanquished.

Vanquished Creatures (others)
  5 sheep (Lair:5)
  A quokka (D:8)
  10 fungi
  16 plants
32 creatures vanquished.

Grand Total: 593 creatures vanquished

Notes
Turn   | Place    | Note
--------------------------------------------------------------
     0 | D:1      | Raurakos the Minotaur Hunter began the quest for the Orb.
     0 | D:1      | Reached XP level 1. HP: 18/18 MP: 0/0
   469 | D:1      | Reached XP level 2. HP: 26/26 MP: 1/1
   874 | D:2      | Reached XP level 3. HP: 31/33 MP: 2/2
  1084 | D:2      | Reached skill level 5 in Fighting
  1209 | D:2      | Found an opulent altar of Gozag.
  1277 | D:2      | Reached skill level 1 in Maces & Flails
  1277 | D:2      | Reached XP level 4. HP: 34/42 MP: 3/3
  1438 | D:2      | Reached skill level 2 in Maces & Flails
  1931 | D:3      | Reached skill level 3 in Maces & Flails
  2204 | D:3      | Noticed Purgy
  2218 | D:3      | Noticed Purgy
  2218 | D:3      | Purgy changed into Purgy the rime drake
  2234 | D:3      | Killed Purgy the rime drake
  2234 | D:3      | Reached skill level 6 in Maces & Flails
  2234 | D:3      | Reached XP level 5. HP: 6/48 MP: 4/4
  2234 | D:3      | Reached XP level 6. HP: 7/56 MP: 5/5
  2915 | D:4      | Found a burning altar of Makhleb.
  2963 | D:4      | Noticed a blink frog
  2963 | D:4      | an ogre changed into a blink frog
  3299 | D:5      | Entered Level 5 of the Dungeon
  3388 | D:5      | Reached skill level 7 in Maces & Flails
  3447 | D:5      | Reached XP level 7. HP: 46/61 MP: 6/6
  3513 | D:5      | Found a staircase to the Ecumenical Temple.
  3554 | Temple   | Entered the Ecumenical Temple
  3689 | D:5      | Found Zin's Purification Station.
  3698 | D:5      | Found a glowing silver altar of Zin.
  3798 | D:5      | Reached skill level 8 in Maces & Flails
  3931 | D:5      | Reached skill level 9 in Maces & Flails
  3972 | D:5      | Found a shadowy altar of Dithmenos.
  4077 | D:5      | Found a deep blue altar of Sif Muna.
  4217 | D:6      | Noticed Blork the orc
  4233 | D:5      | Killed Blork the orc
  4419 | D:6      | Noticed Crazy Yiuf
  4426 | D:6      | Killed Crazy Yiuf
  4528 | D:6      | Reached skill level 10 in Maces & Flails
  4528 | D:6      | Reached XP level 8. HP: 60/68 MP: 7/7
  4670 | D:6      | Noticed Grinder
  4683 | D:6      | Killed Grinder
  4683 | D:6      | Reached skill level 11 in Maces & Flails
  4973 | D:7      | Reached skill level 12 in Maces & Flails
  5147 | D:7      | Reached XP level 9. HP: 78/78 MP: 8/8
  5538 | D:8      | Found Sebbiex's Antique Weapon Shop.
  5555 | D:8      | Bought a morningstar for 100 gold pieces
  5852 | D:8      | Reached skill level 1 in Armour
  5937 | D:8      | Found a white marble altar of Elyvilon.
  6039 | D:8      | Found Bonotzai's General Store.
  6044 | D:8      | Bought a scroll of remove curse for 36 gold pieces
  6044 | D:8      | Bought a +0 pair of gloves for 54 gold pieces
  6044 | D:8      | Bought a wand of disintegration (12/24) for 192 gold pieces
  6044 | D:8      | Bought a scroll of enchant weapon for 90 gold pieces
  6055 | D:8      | Found a basalt altar of Yredelemnul.
  6196 | D:8      | Noticed a three-headed hydra
  6204 | D:8      | Killed a three-headed hydra
  6204 | D:8      | Reached skill level 5 in Armour
  6204 | D:8      | Reached skill level 5 in Dodging
  6204 | D:8      | Reached XP level 10. HP: 53/91 MP: 9/9
  6461 | D:10     | Entered Level 10 of the Dungeon
  6671 | D:10     | Noticed a hill giant
  6769 | D:9      | Found an iron altar of Okawaru.
  6816 | D:9      | Reached skill level 13 in Maces & Flails
  6848 | D:9      | Became a worshipper of Warmaster Okawaru
  7306 | D:10     | Killed a hill giant
  7306 | D:10     | Reached skill level 14 in Maces & Flails
  7346 | D:10     | Reached * piety under Okawaru
  7560 | D:10     | Noticed a hill giant
  7570 | D:10     | Killed a hill giant
  7570 | D:10     | Reached skill level 15 in Maces & Flails
  7625 | D:10     | Reached XP level 11. HP: 69/97 MP: 10/10
  7795 | D:10     | Learned a level 1 spell: Apportation
  7798 | D:10     | Learned a level 2 spell: Blink
  7802 | D:10     | Learned a level 3 spell: Portal Projectile
  7807 | D:10     | Learned a level 4 spell: Passage of Golubria
  7934 | D:10     | Reached ** piety under Okawaru
  8514 | D:11     | Found a staircase to the Lair.
  8742 | D:11     | Reached skill level 16 in Maces & Flails
  8773 | D:11     | Reached skill level 1 in Shields
  8883 | D:11     | Found a shattered altar of Ashenzari.
  9208 | D:11     | Reached *** piety under Okawaru
  9497 | Lair:1   | Entered Level 1 of the Lair of Beasts
  9555 | Lair:1   | Found a frozen archway.
  9566 | IceCv    | Entered an ice cave
  9579 | IceCv    | Reached skill level 10 in Fighting
 10720 | IceCv    | Noticed a necromancer
 10732 | IceCv    | Killed a necromancer
 10747 | IceCv    | Reached **** piety under Okawaru
 10851 | IceCv    | HP: 5/103 [freezing wraith (10)]
 10851 | IceCv    | HP: 1/103 [freezing wraith (4)]
 11346 | IceCv    | Found an ancient bone altar of Kikubaaqudgha.
 11374 | IceCv    | Received a gift from Okawaru
 11388 | IceCv    | Reached XP level 12. HP: 89/112 MP: 8/11
 12252 | Lair:1   | Noticed a six-headed hydra
 12261 | Lair:1   | Killed a six-headed hydra
 12490 | Lair:2   | Received a gift from Okawaru
 13379 | Lair:2   | Noticed a six-headed hydra
 13389 | Lair:2   | Killed a six-headed hydra
 13663 | Lair:3   | Reached skill level 15 in Fighting
 13741 | Lair:3   | Identified a scroll of acquirement
 13742 | Lair:3   | Got an ancient executioner's axe
 13761 | Lair:3   | Reached ***** piety under Okawaru
 13761 | Lair:3   | Reached skill level 1 in Invocations
 14311 | Lair:3   | Found a hole to the Spider Nest.
 14575 | Lair:3   | Received a gift from Okawaru
 14575 | Lair:3   | Reached skill level 5 in Invocations
 14991 | Lair:4   | Reached skill level 1 in Evocations
 15415 | Lair:4   | Noticed Urug
 15427 | Lair:4   | Killed Urug
 15441 | Lair:4   | Received a gift from Okawaru
 15528 | Lair:4   | Got a clouded platinum ring
 15530 | Lair:4   | Identified the ring of Nurrytyudo {rC- MP+9 AC+1 Dex+3} (You found it on level 4 of the Lair of Beasts)
 15602 | Lair:4   | Reached XP level 13. HP: 125/125 MP: 16/16
 16172 | Lair:5   | Reached skill level 5 in Evocations
 16361 | Lair:5   | Noticed Nessos
 16416 | Lair:5   | Killed Nessos
 16693 | Lair:5   | Found a shimmering altar of Xom.
 17002 | Lair:6   | You fall through a shaft for 2 floors!
 17002 | Lair:8   | Entered Level 8 of the Lair of Beasts
 17474 | Lair:8   | Found a runed door.
 18276 | Lair:8   | Received a gift from Okawaru
 18569 | Lair:8   | Received a gift from Okawaru
 18588 | Lair:8   | Got a polished shield {god gift}
 18599 | Lair:8   | Identified the +1 shield of Zeubeiz {rPois rC+ Str-5 Dex+5} (Okawaru gifted it to you on level 8 of the Lair of Beasts)
 18630 | Lair:8   | Learned a level 2 spell: Swiftness
 18698 | Lair:8   | Reached skill level 10 in Armour
 18770 | Lair:8   | Reached XP level 14. HP: 83/134 MP: 14/17
 18838 | Lair:8   | Slain by a spiny frog

Skill      XL: |  1  2  3  4  5  6  7  8  9 10 11 12 13 |
---------------+----------------------------------------+-----
Fighting       | 3 4 5 6 9 12 15 | 15.0
Maces & Flails | 1 6 7 10 12 15 16 | 16.0
Armour         | 5 6 10 | 10.4
Dodging        | 5 6 9 |  9.7
Shields        | 4 |  4.0
Invocations    | 6 |  6.1
Evocations     | 3 6 |  6.1
Throwing       | |  4.0
Stealth        | |  0.7

Action                   |  1- 3 |  4- 6 |  7- 9 | 10-12 | 13-15 || total
-------------------------+-------+-------+-------+-------+-------++-------
Melee: Short sword       |    54 |       |       |       |       ||    54
       Headbutt          |    14 |    22 |    79 |   233 |   156 ||   504
       Whip              |    26 |   133 |    39 |       |       ||   198
       Flail             |       |    13 |    28 |       |       ||    41
       Mace              |       |       |   242 |   608 |       ||   850
       Morningstar       |       |       |       |   491 |   616 ||  1107
Throw: Javelin           |     8 |     8 |    27 |    32 |    28 ||   103
       Throwing net      |       |     2 |       |     1 |       ||     3
Invok: Heroism           |       |       |       |    16 |     7 ||    23
       Finesse           |       |       |       |       |     1 ||     1
Evoke: Wand              |       |     4 |       |     7 |     2 ||    13
  Use: Scroll            |       |     8 |    10 |    18 |     5 ||    41
       Potion            |       |       |     1 |     2 |     1 ||     4
 Stab: Sleeping          |     3 |       |       |       |       ||     3
       Held in net/web   |       |     2 |       |       |       ||     2
       Distracted        |       |       |     1 |       |       ||     1
  Eat: Chunk             |     1 |     7 |     6 |    17 |    10 ||    41
       Pizza             |       |       |     1 |     7 |       ||     8
       Beef jerky        |       |       |     1 |     1 |     1 ||     3
       Royal jelly       |       |       |       |     3 |       ||     3
Armor: Leather armour    |    11 |       |       |       |       ||    11
       Ring mail         |     2 |    25 |       |       |       ||    27
       Plate armour      |       |    15 |    48 |   474 |   177 ||   714
       Scale mail        |       |       |    87 |       |       ||    87
Dodge: Dodged            |    40 |    49 |    89 |   230 |   113 ||   521
Block: Other             |     2 |    12 |    28 |     8 |       ||    50
       Buckler           |       |       |       |   351 |   196 ||   547
       Reflection        |       |       |       |    12 |     2 ||    14
